 Dungeon Crawl Stone Soup version 0.31-b1-17-gcfd88c8481 (webtiles) character file.

Game seed: 14462174474350961952

23 Arctor the Vexing (level 3, -12/28 HPs)
             Began as a Gnoll Hexslinger on Jan 16, 2024.
             Engulfed by a cloud of flame (19 damage)
             ... on level 1 of the Dungeon.
             The game lasted 00:01:59 (1312 turns).

Arctor the Vexing (Gnoll Hexslinger)                Turns: 1312, Time: 00:01:59

Health: -12/28     AC: 10    Str:  7    XL:     3   Next: 0%
Magic:  7/7        EV: -1    Int: 12    God:
Gold:   69         SH:  0    Dex: 16    Spells: 7/7 levels left

rFire   . . .        a - +1 sling
rCold   . . .        (no shield)
rNeg    + . .        k - +0 plate armour
rPois   .            (no helmet)
rElec   .            (no cloak)
rCorr   .            (no gloves)
SInv    .            (no boots)
Will    .....        e - amulet of faith Stlth
                     d - ring of positive energy
HPRegen 0.24/turn    i - +4 ring of slaying
MPRegen 0.10/turn

%: faith
@: no status effects
A: fangs 1, strong nose, distributed training
a: no special abilities


You were on level 1 of the Dungeon.
You visited 1 branch of the dungeon, and saw 1 of its levels.

You collected 69 gold pieces.

Inventory:

Hand Weapons
 a - a +1 sling (weapon)
Armour
 c - a +0 robe
 j - a +2 leather armour of willpower
 k - a +0 plate armour (worn)
Jewellery
 d - a ring of positive energy (left hand)
 e - an amulet of faith (around neck)
 i - a +4 ring of slaying (right hand)
Scrolls
 b - 2 scrolls of poison
 f - a scroll of amnesia
 l - a scroll of noise
Potions
 g - a potion of heal wounds {unknown}
 m - a potion of might {unknown}


   Skills:
 + Level 2.5 Fighting
 + Level 0.6 Short Blades
 + Level 0.6 Long Blades
 + Level 0.6 Axes
 + Level 0.6 Maces & Flails
 + Level 0.6 Polearms
 + Level 0.6 Staves
 + Level 4.5 Ranged Weapons
 + Level 0.6 Throwing
 + Level 0.6 Armour
 + Level 4.5 Dodging
 + Level 0.6 Stealth
 + Level 0.6 Shields
 + Level 0.6 Unarmed Combat
 + Level 2.8 Spellcasting
 + Level 0.4 Conjurations
 + Level 5.4 Hexes
 + Level 0.4 Summonings
 + Level 0.4 Necromancy
 + Level 0.4 Translocations
 + Level 2.1 Fire Magic
 + Level 0.4 Ice Magic
 + Level 0.4 Air Magic
 + Level 0.4 Earth Magic
 + Level 0.4 Alchemy
 + Level 0.8 Invocations
 + Level 0.6 Evocations
 + Level 0.5 Shapeshifting


You had 7 spell levels left.
You didn't know any spells.
Your spell library contained the following spells:

 Spells                   Type           Power      Damage    Failure   Level
 Jinxbite                 Hex            28%        N/A       100%        2
 Lesser Beckoning         Tloc           4%         N/A       100%        2
 Gell's Gravitas          Tloc           2%         N/A       100%        3
 Inner Flame              Hex/Fire       10%        N/A       100%        3
 Sigil of Binding         Hex            14%        N/A       100%        3
 Teleport Other           Tloc           2%         N/A       100%        3
 Cause Fear               Hex            7%         N/A       100%        4
 Dimensional Bullseye     Hex/Tloc       4%         N/A       100%        4


Dungeon Overview and Level Annotations

Branches:
Dungeon (1/15)

Altars:

Shops:
D:1 **:!*


Innate Abilities, Weirdness & Mutations

You have very sharp teeth.
Your uncanny sense of smell can sniff out nearby items.
Your experience applies equally to all skills.


Message History

You start resting.
HP restored.
You are engulfed in blazing flames.
You are engulfed in blazing flames.
Ouch! That really hurt!
* * * LOW HITPOINT WARNING * * *
You start resting.
HP restored.
Okay, then.
You are engulfed in blazing flames.
Ouch! That really hurt!
You start resting.
HP restored.
You are engulfed in blazing flames.
Ouch! That really hurt!
You start resting.
HP restored.
As you read the scroll labelled CEKELI IXUQYC, it crumbles to dust.
It is a scroll of amnesia.
You feel forgetful for a moment.
As you read the scroll labelled VYVVITIGUI, it crumbles to dust.
It is a scroll of identify.
l - a scroll of noise
Okay, then.
Okay, then.
You start waiting.
Done waiting.
You start waiting.
Done waiting.
You are engulfed in blazing flames.
Ouch! That really hurt!
* * * LOW HITPOINT WARNING * * *
You start resting.
HP restored.
You are engulfed in blazing flames.
You are engulfed in blazing flames.
* * * LOW HITPOINT WARNING * * *
You are engulfed in blazing flames.
Ouch! That really hurt!
You die...

.#.....###.)#######
....#### ##.......##
......# ##.#####..#
##.#### #...# ##.#
#.# #°§☼# #.# #.#
#○§§# #.# #.# #☼☼§#
#.#
#.#######...#####.#
#....○§§.....§§@..#
##.#..°§☼.)...§§§..#
##.##.§○○.)...○☼§.##
.#.#######...######
.#.# #§§☼# ...#
#☼§§# #..### #§○°#
##...#####...#
#.#........##


There were no monsters in sight!

Vanquished Creatures
  A gnoll (D:1)
  3 endoplasms (D:1)
  A goblin (D:1)
  3 kobolds (D:1)
  A quokka (D:1)
  2 ball pythons (D:1)
  A rat (D:1)
12 creatures vanquished.

Notes
Turn   | Place    | Note
-------+----------+-------------------------------------------
     0 | D:1      | Arctor the Gnoll Hexslinger began the quest for the Orb.
     0 | D:1      | Reached XP level 1. HP: 17/17 MP: 4/4
    46 | D:1      | Reached XP level 2. HP: 11/23 MP: 5/5
    47 | D:1      | Found Afymihe's Assorted Antiques.
    49 | D:1      | Found Tofatwug's Book Emporium.
   192 | D:1      | Found Gesch's Assorted Antiques.
   270 | D:1      | Found Heahaev's Assorted Antiques.
   314 | D:1      | Reached XP level 3. HP: 28/28 MP: 7/7
   317 | D:1      | Found Arua's Distillery.
  1312 | D:1      | Engulfed by a cloud of flame

Illustrated notes

Levels and vault maps discovered:
D:1:      scummos_arrival_star, layout_rooms, serial_shops, shop_fountains,
          shop, nicolae_shop_pleasant_corner_grove, shop, shop,
          lemuel_flame_loot_1

Skill      XL: |  1 |
---------------+----+-----
Fire Magic     | 2 |  2.1
Fighting       | |  2.5
Short Blades   | |  0.6
Long Blades    | |  0.6
Axes           | |  0.6
Maces & Flails | |  0.6
Polearms       | |  0.6
Staves         | |  0.6
Ranged Weapons | |  4.5
Throwing       | |  0.6
Armour         | |  0.6
Dodging        | |  4.5
Stealth        | |  0.6
Shields        | |  0.6
Unarmed Combat | |  0.6
Spellcasting   | |  2.8
Conjurations   | |  0.4
Hexes          | |  5.4
Summonings     | |  0.4
Necromancy     | |  0.4
Translocations | |  0.4
Ice Magic      | |  0.4
Air Magic      | |  0.4
Earth Magic    | |  0.4
Alchemy        | |  0.4
Invocations    | |  0.8
Evocations     | |  0.6
Shapeshifting  | |  0.5

Action                     || total
---------------------------++-------
   Fire: Sling             ||    36
    Use: Scroll            ||     2
 Armour: Robe              ||     4
         Plate armour      ||    10
  Dodge: Dodged            ||     8
